Map: Hard Lead LE

Players

Subwayeatn - Winner!

  • Race: Zerg Zerg
  • League: Platinum
  • Spawn Location: 5:00

Maybenx

  • Race: Terran Terran
  • League: Platinum
  • Spawn Location: 11:00

VOD

Have the link to the VOD?

Description

Time

  • Played on: Nov. 7, 2023, 10:58 a.m.
  • Length: 13:12
Show
View Real Time Build Order
Export as new Build Order

Subwayeatn Zerg - Winner!

Build Orders: Hatch First 

Get SALT Encoding   

  12  0:00  Drone  
  13  0:13  Overlord  
  13  0:20  Drone  
  14  0:31  Drone x2  
  16  0:49  Hatchery  
  15  0:56  Drone x2  
  17  0:59  Drone  
  17  1:03  Extractor  
  17  1:16  Spawning Pool  
  16  1:28  Drone  
  16  1:29  Drone  
  16  1:32  Drone  
  19  1:40  Drone  
  20  1:51  Drone  
  21  2:09  Zergling x2  
  21  2:10  Zergling x2, Queen  
  21  2:11  Queen  
  21  2:13  Overlord  
  27  2:26  Overlord  
  27  2:34  Drone  
  27  2:36  Metabolic Boost  
  28  2:39  Overlord  
  31  2:44  Drone x3  
  31  2:47  Drone  
  31  2:50  Queen  
  34  2:57  Drone x2  
  36  3:05  Drone  
  37  3:06  Drone  
  38  3:20  Queen  
  38  3:22  Drone x4  
  38  3:23  Overlord  
  44  3:44  Hatchery  
  42  3:57  Drone x3  
  45  4:03  Drone x2  
  45  4:04  Drone  
  45  4:05  Extractor  
  47  4:17  Zergling x2  
  47  4:18  Zergling x6  
  51  4:31  Spore Crawler  
  50  4:32  Drone  
  51  4:38  Baneling Nest  
  51  4:39  Overlord  
  51  4:40  Overlord  
  51  4:42  Overlord  
  50  4:55  Zergling x4  
  50  4:56  Zergling x8  
  51  5:22  Queen  
  51  5:24  Drone x8  
  51  5:27  Lair  
  61  5:30  Drone  
  61  5:32  Drone  
  63  5:37  Evolution Chamber  
  63  5:38  Drone  
  63  5:39  Evolution Chamber  
  62  5:44  Drone x2  
  62  5:46  Extractor  
  63  5:58  Drone x5  
  63  5:59  Drone x3  
  71  6:06  Queen  
  71  6:09  Zergling x2  
  71  6:11  Extractor  
  73  6:14  Zergling x2  
  73  6:15  Spore Crawler  
  73  6:16  Zergling x2  
  73  6:18  Overlord  
  74  6:19  Overlord  
  74  6:23  Overlord  
  74  6:26  Overseer  
  74  6:28  Centrifugal Hooks  
  74  6:29  Overlord  
  74  6:31  Zerg Melee Weapons Level 1, Zerg Missile Weapons Level 1  
  74  6:36  Queen  
  75  6:41  Zergling x22  
  75  6:42  Zergling x4  
  75  6:44  Baneling x5  
  75  6:45  Baneling x8  
  88  6:47  Drone x2  
  88  6:48  Drone  
  91  7:03  Drone  
  91  7:06  Drone x2, Hydralisk Den  
  93  7:11  Drone  
  93  7:12  Drone  
  94  7:27  Zergling x18  
  103  7:37  Grooved Spines  
  103  7:39  Overlord x4  
  103  7:49  Drone  
  103  7:50  Spine Crawler  
  103  7:54  Spine Crawler  
  103  7:55  Queen x2  
  103  7:56  Queen  
  107  8:06  Overlord  
  107  8:09  Overseer  
  107  8:11  Hatchery  
  106  8:16  Hydralisk x4  
  106  8:17  Hydralisk x3  
  120  8:26  Zerg Ground Armor Level 1  
  120  8:27  Muscular Augments  
  120  8:31  Drone x7  
  113  8:51  Hydralisk  
  113  8:52  Hydralisk x7  
  122  9:04  Extractor  
  122  9:05  Extractor  
  122  9:06  Overlord  
  122  9:07  Hydralisk  
  122  9:08  Hydralisk x2  
  126  9:21  Overseer  
  126  9:23  Overseer  
  126  9:26  Overseer  
  126  9:28  Drone x3  
  129  9:37  Drone x2, Spine Crawler  
  129  9:38  Spore Crawler  
  129  9:39  Zergling x2, Spine Crawler x2  
  129  9:40  Zergling x18  
  135  9:59  Zergling x12  
  136  10:00  Zergling x2  
  136  10:03  Zerg Melee Weapons Level 2  
  136  10:06  Queen  
  137  10:16  Baneling  
  137  10:17  Baneling x10  
  137  10:18  Baneling x2  
  137  10:20  Zergling x12  
  137  10:21  Zergling x6  
  144  10:40  Zergling x12  
  144  10:41  Zergling x16  
  146  10:48  Overlord x2  
  146  10:54  Infestation Pit  
  143  11:04  Pneumatized Carapace  
  129  11:13  Hydralisk  
  129  11:14  Hydralisk x9  
  133  11:33  Baneling  
  133  11:34  Baneling x9  
  133  11:36  Zergling x16  
  132  11:56  Hydralisk x3  
  132  11:57  Hydralisk x11  
  136  12:23  Zergling x16  
  136  12:24  Zergling x4  
  146  12:30  Overseer x2  
  146  12:31  Overseer  
  143  12:42  Zergling x2  
  143  12:43  Zergling x10  
Show
View Real Time Build Order
Export as new Build Order

Maybenx Terran 

Build Orders:  

Get SALT Encoding   

  12  0:00  SCV  
  13  0:16  Supply Depot  
  13  0:17  SCV  
  14  0:29  SCV  
  15  0:39  Barracks  
  15  0:43  Refinery  
  15  0:45  SCV  
  17  0:57  SCV  
  17  1:09  SCV  
  18  1:21  SCV  
  19  1:30  Command Center  
  19  1:31  Marine  
  20  1:41  Supply Depot  
  20  1:43  SCV  
  21  1:49  Marine  
  22  1:55  SCV  
  22  1:58  Refinery  
  23  2:07  Factory  
  23  2:10  SCV  
  23  2:13  Barracks Reactor  
  24  2:23  SCV  
  25  2:37  Barracks  
  25  2:39  Orbital Command  
  25  2:45  SCV  
  25  2:51  Marine x2  
  27  2:58  Starport  
  28  3:02  SCV  
  28  3:05  Widow Mine  
  31  3:07  SCV  
  31  3:11  Marine  
  33  3:13  Marine  
  33  3:16  SCV  
  35  3:21  SCV  
  35  3:26  Barracks Tech Lab  
  36  3:31  Orbital Command  
  36  3:35  Factory Tech Lab  
  36  3:39  Medivac  
  38  3:43  Marine  
  38  3:44  Marine  
  40  3:53  Siege Tank  
  43  3:58  SCV  
  43  3:59  Refinery  
  43  4:02  Stimpack  
  44  4:05  Marine  
  44  4:07  SCV  
  46  4:21  Starport Reactor  
  46  4:25  Supply Depot  
  46  4:30  Supply Depot  
  46  4:41  Engineering Bay  
  46  4:43  Engineering Bay  
  46  4:46  Marine x2  
  46  4:47  Marauder, SCV x2  
  52  5:04  Marine x2  
  52  5:18  Marine  
  45  5:23  Liberator, Medivac  
  50  5:35  Command Center  
  50  5:36  SCV  
  50  5:37  Marauder x2, Refinery  
  50  5:39  Widow Mine x2  
  59  5:43  Supply Depot  
  59  5:44  Terran Infantry Weapons Level 1, Terran Infantry Armor Level 1  
  59  5:49  SCV x2  
  61  5:54  Combat Shield  
  61  6:01  Factory  
  61  6:06  Widow Mine x2  
  61  6:09  Marauder  
  69  6:11  Marauder  
  69  6:23  SCV  
  70  6:26  Supply Depot  
  70  6:27  Supply Depot  
  70  6:33  Armory  
  70  6:46  Marine x2  
  74  6:47  Marauder  
  74  6:55  Barracks, Factory Reactor  
  74  7:04  Marine  
  74  7:07  Bunker, Marine  
  78  7:08  Marauder  
  78  7:09  Siege Tank  
  81  7:29  Marauder  
  83  7:36  Orbital Command  
  83  7:38  Bunker, SCV x2  
  83  7:40  Liberator, Medivac  
  83  7:41  Widow Mine  
  83  7:44  Supply Depot  
  92  7:46  Barracks Reactor  
  92  7:48  Terran Infantry Weapons Level 2  
  92  8:00  Marine  
  92  8:01  Marauder  
  92  8:02  Widow Mine  
  97  8:09  Marine  
  97  8:12  Widow Mine  
  100  8:17  SCV  
  100  8:18  Marine  
  102  8:22  Marauder, Widow Mine  
  102  8:23  Siege Tank  
  109  8:34  Supply Depot  
  109  8:38  Supply Depot  
  109  8:44  SCV x3  
  89  8:56  Marauder, SCV, Marine  
  93  9:06  Marine  
  94  9:18  Command Center, Marauder  
  96  9:25  Refinery  
  96  9:39  Marauder  
  96  10:01  Marauder  
  98  10:09  Siege Tank  
  98  10:10  Widow Mine x2, Marine x2  
  104  10:22  Marauder  
  106  10:36  Widow Mine, Marine x2  
  106  10:41  Siege Tank  
  113  10:43  Marauder  
  115  10:50  Widow Mine  
  115  10:52  Terran Infantry Armor Level 2  
  116  10:57  Terran Vehicle Weapons Level 1  
  116  10:59  Barracks  
  116  11:04  Ghost Academy  
  108  11:05  Marauder  
  108  11:06  Marine x2  
  99  11:12  Orbital Command  
  99  11:14  Siege Tank  
  76  11:39  Marine x2  
  77  11:40  Marauder  
  77  11:42  Widow Mine x2  
  77  11:46  Siege Tank  
  81  11:49  Marine  
  81  11:50  Marine  
  74  11:57  Marine  
  74  11:58  Liberator, Medivac  
  74  12:01  Ghost, Barracks Tech Lab  
  71  12:02  Barracks  
  49  12:26  Marine  
  49  12:27  Marauder  
  49  12:29  Siege Tank  
  55  12:30  Marauder  
  55  12:33  Widow Mine x2  
  55  12:36  Marine x3  
  58  12:52  Barracks Reactor  
Tags
 
Matchup
TvZ
Replay Pack
Multiplayer
Spawn Locations
Cross Positions
Add a new tag
Caveats
  • Supply blocks, unpowered buildings, or Contaminate may cause inaccurate times.
  • Supply counts are checked every 10 seconds.